 Dungeon Crawl Stone Soup version 0.29-a0-838-g385bb11a5b (webtiles) character file.

Game seed: 11190998207427734020

117 mathmaestro the Grave Robber (level 4, 32/32 HPs)
             Began as a Demonspawn Necromancer on July 13, 2022.
             Quit the game on level 3 of the Dungeon.
             The game lasted 00:07:33 (2960 turns).

mathmaestro the Grave Robber (DsNe)                 Turns: 2960, Time: 00:07:33

Health: 32/32      AC:  5    Str:  9    XL:     4   Next: 71%
Magic:  8/8        EV: 12    Int: 18    God:
Gold:   54         SH:  0    Dex: 13    Spells: 4/8 levels left

rFire   . . .      SeeInvis .   c - +0 whip (flame)
rCold   . . .      Faith    .   (no shield)
rNeg    . . .      Spirit   .   a - +0 robe
rPois   .          Reflect  .   d - +0 helmet
rElec   .          Harm     .   (no cloak)
rCorr   .          Rampage  .   (no gloves)
Will    .....                   (no boots)
Stlth   ++........              q - amulet of regeneration
HPRegen 0.90/turn               (no ring)
MPRegen 0.11/turn               (no ring)

@: no status effects
A: slimy green scales 1, demonic touch 1
a: no special abilities


You were on level 3 of the Dungeon.
You visited 1 branch of the dungeon, and saw 3 of its levels.

You collected 166 gold pieces.
You spent 112 gold pieces at shops.

Inventory:

Hand Weapons
 c - a +0 whip of flaming (weapon)
Armour
 a - a +0 robe (worn)
 d - a +0 helmet (worn)
Jewellery
 k - a ring of ice
 o - a ring of fire
 q - an amulet of regeneration (around neck)
Wands
 m - a wand of light (10)
 p - a wand of flame (17)
Scrolls
 e - a scroll of fear {unknown}
 h - a scroll of fog {unknown}
 j - 2 scrolls of teleportation {unknown}
Potions
 b - a potion of magic
 f - a potion of invisibility
 g - a potion of curing
 l - a potion of heal wounds {unknown}
 n - a potion of cancellation {unknown}
 r - a potion of mutation


   Skills:
 + Level 1.5 Fighting
 + Level 0.1 Maces & Flails
 + Level 1.3 Armour
 + Level 2.0 Dodging
 + Level 2.0 Stealth
 + Level 2.9 Spellcasting
 + Level 5.1 Necromancy
 + Level 0.1 Evocations


You had 4 spell levels left.
You knew the following spells:

 Your Spells              Type           Power      Damage    Failure   Level
a - Necrotise             Necr           84%        1d8       1%          1
b - Vampiric Draining     Necr           21%        2d7       6%          3

Your spell library contained the following spells:

 Spells                   Type           Power      Damage    Failure   Level
 Animate Dead             Necr           21%        N/A       21%         4
 Agony                    Necr           21%        N/A       50%         5


Dungeon Overview and Level Annotations

Branches:
Dungeon (3/15)

Altars:

Shops:
D:3 !


Innate Abilities, Weirdness & Mutations

You are partially covered in slimy green scales. (AC +2)
Your touch may inflict minor irresistible damage on your foes.


Message History

The bat completely misses you.
The kobold hits you with a +0 short sword.
You hit the kobold but do no damage. The bat hits you.
The kobold hits you but does no damage.
You closely miss the kobold. Your touch misses the kobold.
The bat closely misses you. The kobold hits you but does no damage.
You hit the kobold. You burn the kobold.
You kill the kobold!
The bat closely misses you.
You closely miss the bat. Your touch misses the bat. The bat barely misses you.
The bat closely misses you.
You barely miss the bat. Your touch misses the bat. The bat closely misses you.
The bat closely misses you.
You see here a +0 short sword.
The bat hits you but does no damage. The bat misses you.
The bat hits you but does no damage. The bat misses you.
You hit the bat. You burn the bat.
You kill the bat!
No target in view!
No target in view!
No target in view!
No target in view!
No target in view!
No target in view!
No target in view!
Found a dagger.
You open the door.
Found Wunuutt's Distillery.
There is an open door here.
There is an entrance to Wunuutt's Distillery here.
r - a potion of mutation Thank you for shopping at Wunuutt's Distillery!
Okay, then.
As you read the scroll labelled IPRERH FYLUPU, it crumbles to dust.
It is a scroll of identify.
f - a potion of invisibility
As you read the scroll of identify, it crumbles to dust.
g - a potion of curing Are you sure you want to abandon this character and quit the game? (Confirm with "yes".)

#.) ............ ##..#
#...##.#.#...#########..#
#........................
##...##.#...)..#
######..#
...............# #..#
.#####........########..#
#..................#
#.#'#....#######.#.#
#.+@+.#### #.... ..#+#..
###.# #### .... #>. #..
.# .# .# .#


There were no monsters in sight!

Vanquished Creatures
  Robin (D:2)
  4 adders (D:2)
  A dart slug (D:1)
  5 ball pythons
  8 bats
  4 endoplasms
  4 giant cockroaches (D:1)
  7 goblins
  9 hobgoblins
  6 kobolds
  5 quokkas (D:2)
  4 frilled lizards
  4 rats
62 creatures vanquished.

Vanquished Creatures (collateral kills)
  A kobold (D:1)
1 creature vanquished.

Grand Total: 63 creatures vanquished

Notes
Turn   | Place    | Note
-------+----------+-------------------------------------------
     0 | D:1      | mathmaestro the Demonspawn Necromancer began the quest for
                  | the Orb.
     0 | D:1      | Reached XP level 1. HP: 13/13 MP: 3/3
   214 | D:1      | Gained mutation: You are partially covered in slimy green
                  | scales. (AC +2) [demonic ancestry]
   214 | D:1      | Reached XP level 2. HP: 15/19 MP: 5/5
  1057 | D:1      | Reached XP level 3. HP: 24/25 MP: 6/6
  1268 | D:2      | Learned a level 3 spell: Vampiric Draining
  1457 | D:2      | Reached skill level 1 in Fighting
  1806 | D:2      | Reached skill level 1 in Armour
  1806 | D:2      | Gained mutation: Your touch may inflict minor irresistible
                  | damage on your foes. [demonic ancestry]
  1806 | D:2      | Reached XP level 4. HP: 19/32 MP: 6/8
  2014 | D:2      | Noticed Robin
  2025 | D:2      | Killed Robin
  2026 | D:2      | Reached skill level 5 in Necromancy
  2036 | D:2      | HP: 1/32 [hobgoblin[Robin] (4)]
  2955 | D:3      | Found Wunuutt's Distillery.
  2958 | D:3      | Bought a potion of mutation for 112 gold pieces
  2960 | D:3      | Quit the game

Illustrated notes

Levels and vault maps discovered:
D:1:      psy_arrival_fountain, layout_loops_ring, minmay_surrounded
D:2:      minmay_razor_zed, layout_basic, uniq_robin
D:3:      layout_basic, mainiacjoe_overflow_concentric_impassable, serial_shops,
          shop_statue, nicolae_shop_behind_doors

Skill      XL: |  1  2  3  4 |
---------------+-------------+-----
Dodging        | 2 |  2.0
Stealth        | 2 |  2.0
Fighting       | 1 |  1.5
Armour         | 1 |  1.3
Necromancy     | 5 |  5.1
Maces & Flails | |  0.1
Spellcasting   | |  2.9
Evocations     | |  0.1

Action                   |  1- 3 |  4- 6 || total
-------------------------+-------+-------++-------
Melee: Whip              |   112 |    51 ||   163
       Punch             |     2 |       ||     2
       Touch             |       |     9 ||     9
 Cast: Necrotise         |     6 |     3 ||     9
       Vampiric Draining |     1 |     3 ||     4
  Use: Scroll            |       |     2 ||     2
       Potion            |       |     1 ||     1
 Stab: Sleeping          |     2 |     3 ||     5
Armor: Robe              |    54 |    27 ||    81
Dodge: Dodged            |    84 |    43 ||   127

Table legend: (Time is in decaauts)
 A = Elapsed time spent in this place.
 B = Non-inter-level travel time spent in this place.
 C = Inter-level travel time spent in this place.
 D = Time resting spent in this place.
 E = Time spent auto-exploring this place.
 F = Levels seen in this place.
 G = Mean time per level.
                   A        B        C        D        E       F      G
               +--------+--------+--------+--------+--------+-----+--------+
         Total |   2974 |   2927 |     47 |    718 |   1760 |   3 |  991.3 |
       Dungeon |   2974 |   2927 |     47 |    718 |   1760 |   3 |  991.3 |
               +--------+--------+--------+--------+--------+-----+--------+

Top non-repeatable levels by time:
     D:2: 1648 daAuts
     D:1: 1269 daAuts
     D:3: 56 daAuts
